[Event "*** Titled Tuesday Blitz"]
[Site "Chess.com"]
[Date "2020.05.26"]
[Round "7"]
[White "Stronger1799"]
[Black "SCIM"]
[Result "0-1"]
[WhiteElo "2365"]
[BlackElo "2522"]
[TimeControl "180+1"]
[EndTime "11:20:49 PDT"]
[Termination "SCIM won by checkmate"]

1. e4 c5 2. Nf3 e6 3. d4 cxd4 4. Nxd4 Nc6 5. Be2 Nf6 6. Bf3 Bc5 7. Nxc6 bxc6 8. e5 Nd5 9. O-O O-O 10. Nd2 Ba6 11. Re1 f5 12. c4 Nb6 13. b3 Qh4 14. Qe2 Nd5 15. Bxd5 cxd5 16. Nf3 Qe7 17. Bg5 Qf7 18. Qd2 dxc4 19. Qa5 Bb7 20. Qxc5 Bxf3 21. gxf3 Qg6 22. f4 h6 23. h4 hxg5 24. hxg5 Rac8 25. Qe3 c3 26. Rac1 Qh5 27. Rxc3 Qg4+ 28. Kf1 Rxc3 29.
Qxc3 Qxf4 30. Qd3 Rd8 31. Qe3 Qh4 32. Qxa7 Kh7 33. Rd1 Rc8 34. Qxd7 Rc2 35. Qd4 Qh1# 0-1

[Event "*** Titled Tuesday Blitz"]
[Site "Chess.com"]
[Date "2020.05.26"]
[Round "7"]
[White "Shockerlover"]
[Black "talaicito"]
[Result "0-1"]
[WhiteElo "1760"]
[BlackElo "2149"]
[TimeControl "180+1"]
[EndTime "11:20:49 PDT"]
[Termination "talaicito won by checkmate"]

1. d4 e6 2. Nf3 f5 3. c4 Nf6 4. Nc3 Bb4 5. Bd2 O-O 6. e3 d6 7. Bd3 Nc6 8. O-O e5 9. d5 Ne7 10. e4 Bxc3 11. Bxc3 fxe4 12. Bc2 exf3 13. gxf3 Bh3 14.
Kh1 Bxf1 15. Qxf1 Qe8 16. Qh3 Qh5 17. Qe6+ Rf7 18. Rg1 Qxf3+ 19. Rg2 Rf8 20. Bd2 Kh8 21. Be3 Ng6 22. Bxg6 hxg6 23. h4 Kh7 24. Kh2 Qf5 25.
Rg3 Qxe6 26. dxe6 Re7 27. Bg5 Rxe6 28. Bxf6 gxf6 29. Kg2 f5 30. h5 gxh5 31. Rg5 Rg6 32. Rxg6 Kxg6 33. Kh3 Kg5 34. f3 Kf4 35. b4 Kxf3 36.
c5 dxc5 37. bxc5 b6 38. a4 bxc5 39. a5 Rf6 40. a6 Rxa6 41. Kh4 Kf4 42. Kxh5 c4 43.
Kh4 Rh6# 0-1

[Event "*** Titled Tuesday Blitz"]
[Site "Chess.com"]
[Date "2020.05.26"]
[Round "7"]
[White "doons21"]
[Black "EfM13"]
[Result "1-0"]
[WhiteElo "2487"]
[BlackElo "2309"]
[TimeControl "180+1"]
[EndTime "11:20:50 PDT"]
[Termination "doons21 won by resignation"]

1. e4 g6 2. d4 Bg7 3. Nc3 d6 4. f4 Nf6 5. e5 Nfd7 6. Be3 O-O 7. Nf3 c6 8. Qd2 b5 9. h4 h5 10. Ne4 Nb6 11. c3 a5 12. Neg5 Nc4 13. Qf2 Na6 14.
b3 Nxe3 15. Qxe3 dxe5 16. fxe5 Nc7 17. c4 bxc4 18. bxc4 f6 19. Ne4 Bf5 20. Bd3 Ne6 21. O-O Kh7 22. Rad1 Qb6 23. c5 Qb2 24. Bc4 Kh8 25.
exf6 exf6 26. Nd6 Rae8 27. Nxf5 gxf5 28. Bxe6 f4 29. Qe4 Qb5 30. Qf5 Rxe6 31. Qxe6 1-0

[Event "*** Titled Tuesday Blitz"]
[Site "Chess.com"]
[Date "2020.05.26"]
[Round "7"]
[White "mohssenbinaddi"]
[Black "PauloFanha"]
[Result "1-0"]
[WhiteElo "2187"]
[BlackElo "1978"]
[TimeControl "180+1"]
[EndTime "11:20:51 PDT"]
[Termination "mohssenbinaddi won by resignation"]

1. Nf3 e6 2. g3 d5 3. Bg2 Be7 4. O-O Nf6 5. d4 O-O 6. c4 dxc4 7. Nc3 c5 8. Ne5 cxd4 9. Nb5 Nc6 10. Nxc4 a6 11.
Bxc6 bxc6 12. Nxd4 Re8 13. Nxc6 Qxd1 14. Nxe7+ Rxe7 15.
Rxd1 Bb7 16. Bg5 Bd5 17. Bxf6 gxf6 18. Nb6 Rb8 19. Nxd5 exd5 20. e3 Rxb2 21. Rxd5 Rc7 22. a4 Rcc2 23. Rf5 Kg7 24. a5 Ra2 25. Rxa2 Rxa2 26.
Kg2 Kg6 27. g4 Ra4 28. Kg3 Ra3 29. h4 h6 30. h5+ Kg7 31. Kf4 Ra4+ 32. e4 Ra2 33. f3 Ra3 34. Rc5 Ra4 35. Rd5 Ra3 36. Rf5 Ra4 37. Rc5 Ra3 38. Rd5 Ra4 39. Kf5 Ra3 40.
f4 Ra4 41. e5 fxe5 42. fxe5 Ra1 43. Rc5 Rf1+ 44. Ke4 Re1+ 45. Kd5 Rg1 46. Kc6 Rxg4 47. Kb6 Rg5 48. Kxa6 Rxh5 49. Kb7 Rh1 50. a6 Ra1 51. a7 h5 52. Rc6 Rxa7+ 53. Kxa7 h4 54. Kb6 h3 55. Rc3 h2 56. Rh3 Kg6 57. Rxh2 Kf5 58. Rf2+ Kxe5 59. Rxf7 1-0

[Event "*** Titled Tuesday Blitz"]
[Site "Chess.com"]
[Date "2020.05.26"]
[Round "7"]
[White "Ladislav1969"]
[Black "Perecke"]
[Result "1-0"]
[WhiteElo "2322"]
[BlackElo "2189"]
[TimeControl "180+1"]
[EndTime "11:20:52 PDT"]
[Termination "Ladislav1969 won on time"]

1. e4 c5 2. d4 cxd4 3. c3 dxc3 4. Nxc3 d6 5. Nf3 e6 6. Bc4 Nf6 7. O-O Be7 8. Qe2 O-O 9. Rd1 Nbd7 10. Nb5 Nxe4 11.
Qxe4 d5 12. Qf4 dxc4 13. Qxc4 a6 14. Nc7 b5 15. Qc6 Ra7 16. Bf4 Bf6 17. Rac1 e5 18. Nxe5 Nxe5 19. Bxe5 Bxe5 20. Rxd8 Rxd8 21. Nd5 Bb7 22.
Qb6 Raa8 23. Qxb7 Rab8 24. Qc6 Rxd5 25. Qxd5 1-0

[Event "*** Titled Tuesday Blitz"]
[Site "Chess.com"]
[Date "2020.05.26"]
[Round "7"]
[White "Goryachkina"]
[Black "RobertPrieb2007"]
[Result "0-1"]
[WhiteElo "2576"]
[BlackElo "2467"]
[TimeControl "180+1"]
[EndTime "11:20:53 PDT"]
[Termination "RobertPrieb2007 won by resignation"]

1. d4 Nf6 2. c4 g6 3. Nc3 d5 4. cxd5 Nxd5 5. e4 Nxc3 6. bxc3 Bg7 7. Nf3 c5 8. Bb5+ Nc6 9. O-O cxd4 10. cxd4 O-O 11. Bxc6 bxc6 12. Ba3 Rb8 13. Bc5 Ba6 14. Re1 Qd7 15. Qa4 Bb5 16. Qxa7 Qxa7 17. Bxa7 Ra8 18. Bc5 Rfe8 19. a3 e6 20. Ne5 Red8 21. Rec1 Ra4 22. f3 f6 23. Ng4 h5 24. Nf2 f5 25. e5 Bh6 26. Rcb1 Be3 27. Rb3 Bxd4 28. Bxd4 Raxd4 29. g3 Kf7 30. Rc3 g5 31. Rc2 Ke7 32. Rca2 Ra8 33. Nd1 Rd5 34. Nc3 Rxe5 35. Nxb5 Rxb5 36. a4 Rba5 37. Kf2 c5 38. Ke3 Rb8 39. Ra3 Rb4 40.
Kd3 e5 41. Kc3 g4 42. fxg4 hxg4 43. Re1 Kd6 44. Rd1+ Ke6 45. Rda1 f4 46. gxf4 exf4 47. Kc2 Ke5 48. Re1+ Re4 49. Rxe4+ Kxe4 50. Kd2 c4 51. Ke2 Rh5 0-1

[Event "*** Titled Tuesday Blitz"]
[Site "Chess.com"]
[Date "2020.05.26"]
[Round "7"]
[White "DaggiGretarsson"]
[Black "Savva09022009"]
[Result "1-0"]
[WhiteElo "2610"]
[BlackElo "2404"]
[TimeControl "180+1"]
[EndTime "11:20:53 PDT"]
[Termination "DaggiGretarsson won by resignation"]

1. d4 Nf6 2. c4 e6 3. Nc3 Bb4 4. Qc2 d5 5. cxd5 exd5 6. Bg5 O-O 7. e3 h6 8. Bh4 c6 9. Bd3 Nbd7 10. Nf3 Re8 11. O-O Nf8 12. Ne5 Bd6 13. f4 c5 14.
Nb5 c4 15. Nxd6 Qxd6 16. Be2 Ne4 17. b3 cxb3 18. axb3 Bf5 19. g4 Ng3 20. gxf5 Rac8 21. Qd2 Nxf1 22. Bxf1 f6 23. Nd3 Qb6 24. Nc5 a6 25.
Bf2 Qc6 26. Bg2 Qb5 27. Bxd5+ Kh8 28. Bc4 Qc6 29. e4 b6 30. d5 Qd6 31. Ne6 Nxe6 32. fxe6 Rxe6 33. Qe3 Ree8 34. Rxa6 Rb8 35. Rxb6 Rxb6 36.
Qxb6 Qxf4 37. Qe3 Qg4+ 38. Qg3 Qd1+ 39. Kg2 Rxe4 40. h3 h5 41. Qf3 Qxf3+ 42. Kxf3 Re8 43. d6 g5 44. d7 Rd8 45. Be6 g4+ 46. hxg4 hxg4+ 47. Kxg4 1-0

[Event "*** Titled Tuesday Blitz"]
[Site "Chess.com"]
[Date "2020.05.26"]
[Round "7"]
[White "Azoulas1"]
[Black "Karinaa87"]
[Result "0-1"]
[WhiteElo "2003"]
[BlackElo "2537"]
[TimeControl "180+1"]
[EndTime "11:20:53 PDT"]
[Termination "Karinaa87 won on time"]

1. e4 d6 2. d4 Nf6 3. Nc3 Nc6 4. f4 e5 5. Nf3 exd4 6. Nxd4 Nxd4 7. Qxd4 Be7 8. Be2 O-O 9. O-O c6 10. Be3 Ng4 11. Bxg4 Bxg4 12. h3 Bd7 13. Rad1 Qa5 14.
e5 Bf5 15. Ne4 dxe5 16. fxe5 Bg6 17. Nf6+ gxf6 18. exf6 Bd8 19. Qf4 Qh5 20. Rf3 Kh8 21. g4 Qa5 22. Qh6 Rg8 23. Bd4 Bb6 24.
Bxb6 Qxb6+ 25. Kg2 Qxb2 26. Rd2 Be4 27. Rf2 Rg6 28. Qh5 Bxf3+ 29. Rxf3 Qxc2+ 30. Rf2 Qe4+ 31. Kh2 Re8 32. h4 Qe5+ 33. Qxe5 Rxe5 34. Rd2 Rxf6 0-1

[Event "*** Titled Tuesday Blitz"]
[Site "Chess.com"]
[Date "2020.05.26"]
[Round "7"]
[White "m-garcett"]
[Black "VladimirBugayev"]
[Result "1-0"]
[WhiteElo "1984"]
[BlackElo "2181"]
[TimeControl "180+1"]
[EndTime "11:20:53 PDT"]
[Termination "m-garcett won on time"]

1. e4 c6 2. c4 d5 3. cxd5 cxd5 4. exd5 Nf6 5. Nc3 g6 6. Nf3 Bg7 7. Bc4 O-O 8. O-O Nbd7 9. d6 e6 10. d3 Nb6 11. Bf4 Nh5 12. Qd2 Nxf4 13. Qxf4 e5 14.
Nxe5 Qxd6 15. Bxf7+ Kh8 16. d4 Bf5 17. Bb3 Be6 18.
Qe3 Bxb3 19. axb3 a6 20. Ne4 Qb4 21. Ng5 Rae8 22. Nxg6+ Kg8 23. Qh3 h6 24. Nxf8 Qxf8 25. Ne6 Qf6 26. Nxg7 Qxg7 27. Rfe1 Rxe1+ 28. Rxe1 Nd7 29. Qe6+ Kh8 30. Qe8+ Nf8 31. d5 Kg8 32. d6 1-0

[Event "*** Titled Tuesday Blitz"]
[Site "Chess.com"]
[Date "2020.05.26"]
[Round "7"]
[White "DortmundCity"]
[Black "SGchess01"]
[Result "0-1"]
[WhiteElo "2579"]
[BlackElo "2762"]
[TimeControl "180+1"]
[EndTime "11:20:56 PDT"]
[Termination "SGchess01 won by resignation"]

1. e4 Nf6 2. e5 Nd5 3. d4 d6 4.
f4 Nb6 5. Nf3 Bf5 6. Be3 e6 7.
Bd3 Bxd3 8. Qxd3 Nc6 9. c3 Be7 10. Nbd2 a5 11. O-O-O a4 12. Kb1 h6 13. g4 Qd7 14. h4 h5 15. g5 g6 16. Ne4 Nd5 17. Nf6+ Bxf6 18. gxf6 b5 19. Bc1 Na5 20. Ng5 Nc4 21. a3 dxe5 22. dxe5 O-O-O 23. Qd4 Kb7 24. Qc5 Rhf8 25. Rd4 Qc6 26. Qxc6+ Kxc6 27. Rhd1 Rd7 28. R1d3 Rfd8 29. Kc2 Kb6 30. Rh3 c5 31. Rdd3 Kc6 32. Ne4 b4 33. axb4 cxb4 34. Rd4 b3+ 35. Kd3 Ndb6 36. Ng5 Rxd4+ 37. cxd4 Rd7 38. Kc3 Kb5 39. Rg3 Nd5+ 40. Kd3 Nb4+ 41. Ke4 Nc2 42. Nxe6 fxe6 43. Rxg6 Nxd4 44. f7 Rxf7 45. Kxd4 Rd7+ 46. Ke4 Rd1 47.
Rxe6 Rxc1 48. Re8 Nd6+ 49. exd6 Re1+ 50. Kd5 Rxe8 51. d7 Rh8 52. Ke6 a3 53. bxa3 b2 54.
d8=Q Rxd8 0-1

[Event "*** Titled Tuesday Blitz"]
[Site "Chess.com"]
[Date "2020.05.26"]
[Round "7"]
[White "MYMChessAcademy"]
[Black "SaraciNderim"]
[Result "1-0"]
[WhiteElo "2461"]
[BlackElo "2726"]
[TimeControl "180+1"]
[EndTime "11:20:56 PDT"]
[Termination "MYMChessAcademy won by resignation"]

1. e4 b6 2. d4 Bb7 3. Bd3 e6 4. Nf3 c5 5. c3 Nf6 6. Qe2 cxd4 7. cxd4 d5 8. e5 Ne4 9. O-O Nc6 10. Nc3 Nxc3 11. bxc3 Be7 12. Nd2 Rc8 13. f4 g6 14.
Nf3 Na5 15. Bb5+ Bc6 16. Ba6 Rc7 17. Ng5 Qd7 18. Bd3 Nc4 19. f5 gxf5 20. Nxf7 O-O 21. Ng5 Bxg5 22. Bxg5 Qg7 23. Bf6 Rxf6 24. exf6 Qxf6 25.
Rae1 Re7 26. Rxf5 Qg7 27. Rf3 Kh8 28. Rh3 h6 29. Qh5 e5 30. Qxh6+ Qxh6 31. Rxh6+ Kg8 32. Rxc6 1-0

[Event "*** Titled Tuesday Blitz"]
[Site "Chess.com"]
[Date "2020.05.26"]
[Round "7"]
[White "XxPetroffsxX"]
[Black "tan275"]
[Result "1-0"]
[WhiteElo "1935"]
[BlackElo "2167"]
[TimeControl "180+1"]
[EndTime "11:20:57 PDT"]
[Termination "XxPetroffsxX won by resignation"]

1. e4 c5 2. Nf3 Nc6 3. Na3 g6 4. c3 d5 5. exd5 Qxd5 6. Bc4 Qd8 7. O-O Bg7 8. d4 cxd4 9. Qb3 e6 10. Bg5 Nge7 11. cxd4 O-O 12. Qe3 Qb6 13. Bxe7 Nxe7 14. Rfd1 Bd7 15. Bb3 Nf5 16. Qf4 Rac8 17. Nc4 Qb4 18. Nce5 Bxe5 19. Nxe5 Ba4 20. Bxa4 Qxa4 21. b3 Qb4 22. Nd7 Rfd8 23. Nf6+ Kh8 24. Qe5 Qd6 25. Nd7+ Qxe5 26. Nxe5 Kg7 27. Nf3 Rc2 28. g4 Nd6 29.
d5 Ne4 30. dxe6 Rxd1+ 31. Rxd1 fxe6 32. g5 Rc7 33. Re1 Nc3 34. Rxe6 Nxa2 35. Ne5 Nb4 36. Nc4 b5 37. Nd6 a6 38. Ne8+ Kf7 39. Nxc7 1-0

[Event "*** Titled Tuesday Blitz"]
[Site "Chess.com"]
[Date "2020.05.26"]
[Round "7"]
[White "CarlssonLudvig"]
[Black "1f3_2g41-0"]
[Result "0-1"]
[WhiteElo "2501"]
[BlackElo "2269"]
[TimeControl "180+1"]
[EndTime "11:20:58 PDT"]
[Termination "1f3_2g41-0 won on time"]

1. d4 Nf6 2. c4 g6 3. Nc3 d5 4. Nf3 Bg7 5. Bg5 Ne4 6. Bh4 Nxc3 7. bxc3 O-O 8. e3 c5 9. cxd5 cxd4 10. cxd4 Qxd5 11. Be2 Nc6 12. O-O Bg4 13. Qa4 Rac8 14. h3 Be6 15. Rfc1 Bf5 16. Bc4 Qd7 17. Bb5 h6 18.
Bxc6 bxc6 19. Rc5 Be4 20. Nd2 Bd5 21. Rac1 f5 22. Bg3 g5 23. f4 Qe6 24. R1c3 Rb8 25.
Qxa7 Rb2 26. Nf3 Qe4 27. fxg5 Rxg2+ 28. Kxg2 Qxf3+ 0-1

[Event "*** Titled Tuesday Blitz"]
[Site "Chess.com"]
[Date "2020.05.26"]
[Round "7"]
[White "politeplayer"]
[Black "abubakrtagelsir"]
[Result "1-0"]
[WhiteElo "2193"]
[BlackElo "2301"]
[TimeControl "180+1"]
[EndTime "11:20:58 PDT"]
[Termination "politeplayer won by resignation"]

1. e4 d6 2. d4 Nf6 3. Nc3 g6 4. f4 Bg7 5. Nf3 O-O 6. e5 Ng4 7. h3 Nh6 8. Bc4 c5 9. d5 Nf5 10. O-O f6 11. g4 Nd4 12. e6 f5 13. Ng5 Na6 14. Be3 Nb4 15. Rf2 b5 16. Nxb5 Nxb5 17. Bxb5 Bxb2 18. Nf7 Qa5 19. c4 a6 20. Rxb2 axb5 21.
Nh6+ Kg7 22. Bd4+ cxd4 23. Qxd4+ Rf6 24. g5 Qa7 25. gxf6+ Kxh6 26. Qxa7 Rxa7 27. f7 Kg7 28. Rxb4 bxc4 29. Rxc4 Ba6 30. Rc6 Ra8 31. Rac1 h6 32.
Rc7 Kf8 33. R7c6 Kg7 34. Rxa6 Rxa6 35. Rc8 Rxa2 36. f8=Q+ 1-0

[Event "*** Titled Tuesday Blitz"]
[Site "Chess.com"]
[Date "2020.05.26"]
[Round "7"]
[White "Zurability"]
[Black "lili_ani"]
[Result "1-0"]
[WhiteElo "2713"]
[BlackElo "2555"]
[TimeControl "180+1"]
[EndTime "11:20:59 PDT"]
[Termination "Zurability won by checkmate"]

1. Nf3 Nf6 2. c4 e6 3. g3 b6 4. Bg2 Bb7 5. O-O d5 6. b3 Nbd7 7. Bb2 c5 8. e3 dxc4 9. bxc4 Be7 10. Nc3 O-O 11. Qe2 Rc8 12. Rad1 Qc7 13. Ne1 Rfd8 14.
f4 Bxg2 15. Nxg2 a6 16. f5 Nf8 17. Nf4 Qc6 18. fxe6 fxe6 19. Rf2 g5 20. Nh5 N8d7 21. Rdf1 Rf8 22. e4 Nxh5 23. Qxh5 Rxf2 24. Rxf2 Rf8 25. Rxf8+ Nxf8 26. Qh6 Kf7 27. Nd5 Qd6 28. Qh5+ Kg8 29.
e5 Qd8 30. Nf6+ Bxf6 31. exf6 Ng6 32. f7+ Kf8 33. Qxh7 Qxd2 34. Qg7+ Ke7 35. f8=Q# 1-0

[Event "*** Titled Tuesday Blitz"]
[Site "Chess.com"]
[Date "2020.05.26"]
[Round "7"]
[White "PKCLUB"]
[Black "Majesth"]
[Result "1/2-1/2"]
[WhiteElo "2606"]
[BlackElo "2450"]
[TimeControl "180+1"]
[EndTime "11:20:59 PDT"]
[Termination "Game drawn by repetition"]

1. d4 e6 2. c4 Bb4+ 3. Nd2 d5 4. Nf3 Nf6 5. e3 O-O 6. Bd3 dxc4 7. Bxc4 c5 8. O-O cxd4 9. Nxd4 e5 10. N4f3 Nc6 11. a3 Bd6 12. Bd3 Qe7 13. Ne4 Nxe4 14. Bxe4 f5 15.
Bd5+ Kh8 16. e4 f4 17. Bxc6 bxc6 18. Qc2 Bg4 19. Qc3 Qf6 20. h3 Bh5 21. Re1 g5 22. b3 g4 23. hxg4 Bxg4 24. Bb2 Rae8 25. Rad1 Bc7 26. Rc1 Re6 27. b4 Rg8 28. Kf1 Qg7 29.
b5 Bh5 30. Nh4 Bd8 31. Qh3 Bxh4 32. Rxc6 Rxc6 33. bxc6 Bf6 34. Qxh5 Qxg2+ 35. Ke2 Qxe4+ 36. Kf1 Qg2+ 37. Ke2 Qe4+ 38. Kf1 Qg2+ 39. Ke2 Qe4+ 1/2-1/2

[Event "*** Titled Tuesday Blitz"]
[Site "Chess.com"]
[Date "2020.05.26"]
[Round "7"]
[White "SHIVACalypso"]
[Black "Bhagya_2312"]
[Result "1-0"]
[WhiteElo "2285"]
[BlackElo "2104"]
[TimeControl "180+1"]
[EndTime "11:20:59 PDT"]
[Termination "SHIVACalypso won on time"]

1. Nf3 d5 2. c4 e6 3. g3 c5 4. cxd5 exd5 5. Bg2 Nc6 6. O-O Nf6 7. d4 h6 8. a3 a6 9. dxc5 Bxc5 10. b4 Ba7 11. Bb2 Be6 12. Nbd2 O-O 13. Nb3 Ne4 14. Nfd4 Bd7 15.
Nxc6 bxc6 16. Qc2 Re8 17. Rad1 Qe7 18. e3 Rac8 19. Bd4 Bf5 20. Qb2 f6 21. Bxa7 Qxa7 22. Qd4 Qb8 23. Rc1 Nd6 24. Na5 Qb5 25. Nxc6 Be4 26. Na5 Nf5 27. Qd2 Bxg2 28. Kxg2 Rcd8 29. Nb3 Nd6 30. Rc5 Qa4 31. Qxd5+ Nf7 32. Qc4 Qxa3 33. Rc7 Rf8 34. Nd4 Rd6 35. Ne6 Re8 36. Nd8 1-0

[Event "*** Titled Tuesday Blitz"]
[Site "Chess.com"]
[Date "2020.05.26"]
[Round "7"]
[White "Orest_Vovk"]
[Black "SketchyMoves"]
[Result "0-1"]
[WhiteElo "2439"]
[BlackElo "2643"]
[TimeControl "180+1"]
[EndTime "11:21:00 PDT"]
[Termination "SketchyMoves won on time"]

1. g4 h5 2. g5 c6 3. Bg2 d5 4.
d4 g6 5. Bf4 Bg7 6. c3 Bf5 7.
Qb3 Qb6 8. Nd2 Nd7 9. e4 dxe4 10. Bxe4 Be6 11. Qxb6 Nxb6 12. Ngf3 Bd5 13. h4 e6 14.
Be5 Bxe5 15. Nxe5 Ne7 16. c4 Bxe4 17. Nxe4 Nf5 18. O-O-O Nd7 19. Nxd7 Kxd7 20. d5 cxd5 21. cxd5 Rac8+ 22. Kb1 Rhd8 23. dxe6+ Kxe6 24. Rde1 Ke5 25. Nf6+ Kf4 26. Re4+ Kf3 27. Ree1 Rd4 28. Rh3+ Kg2 29. Reh1 Rcd8 30. R3h2+ Kf3 31. Rh3+ Ke2 32. f4 Rd1+ 33. Rxd1 Rxd1+ 34. Kc2 Rd8 35. Rb3 Nd4+ 36. Kc3 Nxb3 37. Kxb3 Kf3 38. f5 Kg3 0-1

[Event "*** Titled Tuesday Blitz"]
[Site "Chess.com"]
[Date "2020.05.26"]
[Round "7"]
[White "HouseOfDurin"]
[Black "quesfr"]
[Result "0-1"]
[WhiteElo "2036"]
[BlackElo "2276"]
[TimeControl "180+1"]
[EndTime "11:21:00 PDT"]
[Termination "quesfr won by checkmate"]

1. d4 d5 2. Bg5 Nf6 3. Bxf6 gxf6 4. e3 c5 5. c4 cxd4 6. Qxd4 Be6 7.
cxd5 Qxd5 8. Qxd5 Bxd5 9. Nc3 Bc6 10. O-O-O Nd7 11. Bb5 O-O-O 12. Bxc6 bxc6 13. Nf3 e6 14. Ne4 Kc7 15. Rd3 Be7 16. Rhd1 Nb6 17. Rxd8 Rxd8 18.
Rxd8 Kxd8 19. b3 h6 20. Nd4 Kd7 21. Kc2 f5 22. Nd2 Bf6 23. Nc4 Bxd4 24. exd4 Ke7 25. Ne5 Kd6 26. Nxf7+ Kd5 27. Kc3 h5 28. h4 Nd7 29.
Nh6 Nf6 30. f3 e5 31. dxe5 Kxe5 32. g3 f4 33. gxf4+ Kxf4 34. Kc4 Nd7 35. Nf7 Kxf3 36. Nd8 Kg4 37. Nxc6 Kxh4 38. Nxa7 Kg3 39. Nb5 h4 40. Nd4 h3 41. Ne2+ Kf2 42. Nf4 h2 43. Nd3+ Kf1 44.
Ne5 Nxe5+ 45. Kd5 Nd3 46. Kc4 Nc1 47. b4 Nxa2 48. b5 h1=Q 49. b6 Qb7 50. Kb5 Nc3+ 51.
Ka5 Nd5 52. Ka4 Qxb6 53. Ka3 Qb1 54. Ka4 Qb4# 0-1

[Event "*** Titled Tuesday Blitz"]
[Site "Chess.com"]
[Date "2020.05.26"]
[Round "7"]
[White "GM_dmitrij"]
[Black "VMikhalevski"]
[Result "0-1"]
[WhiteElo "2919"]
[BlackElo "2775"]
[TimeControl "180+1"]
[EndTime "11:21:01 PDT"]
[Termination "VMikhalevski won on time"]

1. e4 e5 2. Nf3 Nc6 3. Bc4 Bc5 4. c3 Nf6 5. d3 d6 6. O-O a5 7. Nbd2 O-O 8. h3 h6 9. Re1 Re8 10. Nf1 Be6 11. Bb5 Bd7 12. Ng3 Bb6 13. a4 Ne7 14.
Bxd7 Qxd7 15. Nh4 Ng6 16. Nhf5 d5 17. Qf3 Re6 18. Ne3 Rd8 19. exd5 Nxd5 20. Nef5 Nf6 21. Be3 Bxe3 22. Rxe3 b6 23. Rae1 Nd5 24. Re4 c5 25. d4 exd4 26. cxd4 c4 27. Qg4 Nf6 28. Rxe6 Nxg4 29.
Rd6 Qc7 30. Rxd8+ Qxd8 31. hxg4 Nf4 32. Re4 Nd3 33. Nh5 g6 34. Nxh6+ Kf8 0-1

[Event "*** Titled Tuesday Blitz"]
[Site "Chess.com"]
[Date "2020.05.26"]
[Round "7"]
[White "kingofthenil"]
[Black "GMStefanova"]
[Result "0-1"]
[WhiteElo "2462"]
[BlackElo "2647"]
[TimeControl "180+1"]
[EndTime "11:21:01 PDT"]
[Termination "GMStefanova won on time"]

1. e4 c6 2. c4 d5 3. cxd5 cxd5 4. exd5 Nf6 5. Nc3 Nxd5 6. Nf3 Nc6 7. Bb5 g6 8. Ne5 Qd6 9. d4 Bg7 10. Qf3 Bxe5 11.
dxe5 Qxe5+ 12. Be3 Nxe3 13. Bxc6+ bxc6 14. Qxc6+ Kf8 15. Qxa8 Kg7 16. Qe4 Nc2+ 17. Kd2 Rd8+ 18. Kxc2 Bf5 19. Rhe1 Bxe4+ 20. Rxe4 Qxh2 21. Rxe7 Qxg2 22. Re2 h5 23. a4 h4 24. b4 h3 25. f4 Qf3 26. Rae1 Qxf4 27.
Re4 Qf5 28. Kb3 Rd3 29. Re5 Qf3 30. Rc5 h2 31. Rc7 h1=Q 32. Rxh1 Qxh1 33. Rxa7 Qd5+ 34. Kb2 Qc4 0-1

[Event "*** Titled Tuesday Blitz"]
[Site "Chess.com"]
[Date "2020.05.26"]
[Round "7"]
[White "DariaVoit"]
[Black "GMSrinath"]
[Result "0-1"]
[WhiteElo "2493"]
[BlackElo "2807"]
[TimeControl "180+1"]
[EndTime "11:21:01 PDT"]
[Termination "GMSrinath won by resignation"]

1. d4 f5 2. e4 fxe4 3. Nc3 Nf6 4. Bg5 d5 5. f3 exf3 6. Nxf3 Nc6 7. Bb5 Bg4 8. O-O e6 9. h3 Bxf3 10. Qxf3 Be7 11.
Rae1 O-O 12. Rxe6 Nxd4 13. Qe3 Nxe6 14. Qxe6+ Kh8 15. Bd3 c6 16. Ne2 Qd6 17. Qe3 Ne4 18. Bf4 Qc5 19. Nd4 Bf6 20. Ne6 Qxe3+ 21. Bxe3 Rf7 22. g4 Re7 23. Nd4 Ng3 24. Rxf6 gxf6 25. Bf4 Ne4 26. Nf5 Re6 27. Kg2 Rae8 28. Nd4 R6e7 29.
Nf5 Rd7 30. h4 Nc5 31. Bf1 Ne6 32. Bh6 a6 33. Kf3 c5 34. g5 fxg5 35. hxg5 Rf7 36.
Kg4 Nd4 37. Bd3 Nxf5 38. Bxf5 Re2 39. Bd3 Rg2+ 40. Kh3 Rgf2 41. g6 R7f3+ 42. Kg4 hxg6 43. Bxg6 Rf6 44. Kh5 Rxg6 45. Kxg6 Rxc2 0-1

[Event "*** Titled Tuesday Blitz"]
[Site "Chess.com"]
[Date "2020.05.26"]
[Round "7"]
[White "vinniethepooh"]
[Black "Gloomy_Wanderer"]
[Result "0-1"]
[WhiteElo "2568"]
[BlackElo "2753"]
[TimeControl "180+1"]
[EndTime "11:21:02 PDT"]
[Termination "Gloomy_Wanderer won on time"]

1. Nf3 Nf6 2. g3 e6 3. Bg2 d5 4. O-O Be7 5. c4 dxc4 6. Qc2 c6 7. Qxc4 b5 8. Qc2 Bb7 9. b3 O-O 10. Bb2 c5 11. d3 Nc6 12. Nbd2 Qb6 13. Rac1 Rac8 14.
Ne5 Nb4 15. Qb1 Bxg2 16. Kxg2 Qb7+ 17. Ndf3 Rfd8 18. a3 Nbd5 19. h3 Nb6 20. Rc2 a5 21.
Rfc1 a4 22. Ba1 Re8 23. Qb2 Qd5 24. bxa4 b4 25. axb4 cxb4 26. e4 Qb7 27. Qb3 Rxc2 28. Rxc2 Ra8 29. Ng5 Rxa4 30. Ngxf7 Nxe4 31. f3 Qd5 32.
Qxd5 exd5 33. Bd4 Nc5 34. Bxc5 b3 35. Rc3 b2 36. Rb3 Ra2 37. Bf2 Bc5 38. g4 Bxf2 39. d4 Bxd4 40. Kg3 h6 41. f4 Ra3 0-1

[Event "*** Titled Tuesday Blitz"]
[Site "Chess.com"]
[Date "2020.05.26"]
[Round "7"]
[White "bilelou"]
[Black "Grandelicious"]
[Result "0-1"]
[WhiteElo "2522"]
[BlackElo "2800"]
[TimeControl "180+1"]
[EndTime "11:21:03 PDT"]
[Termination "Grandelicious won on time"]

1. e4 c5 2. Nf3 d6 3. d4 cxd4 4. Nxd4 Nf6 5. Nc3 a6 6. h4 e5 7.
Nb3 Be7 8. Be2 h5 9. Bg5 g6 10. Qd2 Be6 11. O-O-O Nbd7 12. f4 Rc8 13. Rhf1 b5 14. Qe3 Qc7 15. a3 Qb8 16. Kb1 Bc4 17.
fxe5 dxe5 18. Qf2 Be6 19. Qe3 b4 20. axb4 Qxb4 21. Nd5 Nxd5 22. exd5 Bf5 23. Bd3 Bxg5 24. Qxg5 e4 25. d6 O-O 26. Be2 Be6 27. Nd4 Rc5 28.
Qg3 Rb8 0-1

[Event "*** Titled Tuesday Blitz"]
[Site "Chess.com"]
[Date "2020.05.26"]
[Round "7"]
[White "econpower"]
[Black "VerdeNotte"]
[Result "0-1"]
[WhiteElo "2647"]
[BlackElo "2775"]
[TimeControl "180+1"]
[EndTime "11:21:03 PDT"]
[Termination "VerdeNotte won on time"]

1. c4 g6 2. g3 Bg7 3. Bg2 c5 4.
Nc3 Nc6 5. e3 a6 6. Nge2 Rb8 7.
a4 e5 8. O-O Nge7 9. d3 O-O 10.
Bd2 Nb4 11. Qb1 d5 12. cxd5 Nexd5 13. Ne4 b6 14. a5 Bg4 15. f3 Be6 16. axb6 Qxb6 17.
N2c3 Rfc8 18. Na4 Qa7 19. Nd6 Rd8 20. Nc4 Ne7 21. Bxb4 cxb4 22. Re1 Bf5 23. Bf1 Rbc8 24. b3 Nd5 25. Kh1 Be6 26. e4 Nc3 27. Nxc3 bxc3 28.
Qc2 Bh6 29. Qxc3 Qf2 30. Re2 Qxf3+ 31. Rg2 Bh3 32. Qxe5 Bg7 33. Qa5 Bxa1 34. Qxa1 Bxg2+ 35. Bxg2 Qxd3 0-1

[Event "*** Titled Tuesday Blitz"]
[Site "Chess.com"]
[Date "2020.05.26"]
[Round "7"]
[White "TenisMaster"]
[Black "velemajstor767276"]
[Result "1-0"]
[WhiteElo "2817"]
[BlackElo "2589"]
[TimeControl "180+1"]
[EndTime "11:21:03 PDT"]
[Termination "TenisMaster won on time"]

1. e4 c5 2. Nf3 e6 3. d4 cxd4 4. Nxd4 Nf6 5. Nc3 Nc6 6. a3 Qc7 7.
f4 Nxd4 8. Qxd4 Bc5 9. Qd3 e5 10. Qg3 Bd4 11. Nb5 Qxc2 12. Nxd4 exd4 13. Bd3 Qb3 14.
O-O d6 15. a4 Bd7 16. Qxg7 Rg8 17. Qxf6 Qxd3 18. f5 Qxe4 19. Bg5 Rxg5 20. Qxg5 Qe3+ 21.
Qxe3+ dxe3 22. Rae1 Bc6 23. Rxe3+ Kd7 24. f6 Rg8 25.
Re7+ Kd8 26. Rf2 Bd5 27. Rd2 Rg5 28. h3 h5 29. Kh2 Rf5 30. Re3 Kd7 31. Red3 Kc6 32.
b4 a6 33. Rd4 b6 34. Kg3 1-0

[Event "*** Titled Tuesday Blitz"]
[Site "Chess.com"]
[Date "2020.05.26"]
[Round "7"]
[White "1stSecond"]
[Black "2L8IWUN"]
[Result "1-0"]
[WhiteElo "2700"]
[BlackElo "2546"]
[TimeControl "180+1"]
[EndTime "11:21:03 PDT"]
[Termination "1stSecond won by checkmate"]

1. d4 Nf6 2. Bg5 Ne4 3. Bf4 Nc6 4. d5 e5 5. Bg3 Nxg3 6. hxg3 Nb8 7. e3 c6 8. Nf3 f6 9. c3 a5 10. Bd3 Bc5 11.
Bxh7 Ke7 12. Nbd2 cxd5 13. Nb3 d6 14. Qxd5 Be6 15. Qxb7+ Nd7 16. Nxc5 dxc5 17. O-O-O Rb8 18. Qc6 Bxa2 19. Qd6+ Kf7 20. Qxd7+ Qxd7 21. Rxd7+ Ke6 22. Rxg7 Bd5 23. e4 Bc4 24. Bf5+ Kd6 25. Rd1+ Kc6 26. Rgd7 Rhc8 27. R1d6+ Kb5 28. Nd2 a4 29. Ra7 Bb3 30. Bd7+ Rc6 31. Rxc6 c4 32. Rxf6+ Kc5 33. Ra5+ Rb5 34.
Rxb5# 1-0